 Dungeon Crawl Stone Soup version 0.26-a0-812-g31a745ddcd (webtiles) character file.

Game seed: 2427939263098514547

23098 Lanoc the Grappler (level 12, -10/120 HPs)
             Began as a Troll Transmuter on Nov 12, 2020.
             Was the Champion of Wu Jian.
             Mangled by Killmatronix's ghost (33 damage)
             ... on level 1 of the Orcish Mines on Nov 14, 2020.
             The game lasted 00:25:38 (12642 turns).

Lanoc the Grappler (Troll Transmuter)              Turns: 12642, Time: 00:25:39

Health: -10/120    AC:  8    Str: 21    XL:     12   Next: 68%
Magic:  12/12      EV: 17    Int: 12    God:    Wu Jian [******]
Gold:   972        SH:  0    Dex: 11    Spells: 10/13 levels left

rFire    + . .     SeeInvis .     - Unarmed
rCold    . . .     Faith    .   (no shield)
rNeg     . . .     Spirit   .   U - +1 robe {rF+}
rPois    .         Reflect  .   (helmet currently unavailable)
rElec    .         Harm     .   H - +0 cloak
rCorr    +         Rampage  .   (gloves unavailable)
MR       .....                  (boots unavailable)
Stlth    +.........             N - amulet of regeneration
HPRegen  1.10/turn              E - +4 ring of evasion
MPRegen  0.13/turn              p - ring of resist corrosion

@: about to teleport, appendages, wereblooded, berserk cooldown, slowed, very
slow
A: large, unfitting armour, claws 3, hooves 1, horns 2, regeneration 1, shaggy
fur 1, tough skin 3
a: End Transformation, Wall Jump, Serpent's Lash, Heavenly Storm, Renounce
Religion


You were on level 1 of the Orcish Mines.
You worshipped Wu Jian.
Wu Jian was exalted by your worship.
You had grown temporary horns.
You visited 3 branches of the dungeon, and saw 15 of its levels.

You collected 1271 gold pieces.
You spent 299 gold pieces at shops.

Inventory:

Missiles
 S - 6 curare-tipped darts (quivered)
Armour
 c - a cursed -2 tower shield
 o - a +2 kite shield
 H - a +0 cloak (worn)
 U - a +1 robe of fire resistance (worn)
Jewellery
 k - an uncursed ring of positive energy
 p - a ring of resist corrosion (right claw)
 D - an uncursed ring of flight
 E - a +4 ring of evasion (left claw)
 N - an amulet of regeneration (around neck)
Wands
 y - a wand of flame (28)
 B - a wand of iceblast (16)
 F - a wand of random effects (17)
 I - a wand of paralysis (8)
 L - a wand of polymorph (16)
 M - a wand of disintegration (6)
 Q - a wand of enslavement (7)
 R - a wand of digging (5)
Scrolls
 e - 2 scrolls of random uselessness {unknown}
 g - 2 scrolls of amnesia
 h - 4 scrolls of fear
 j - 6 scrolls of remove curse {unknown}
 n - 3 scrolls of fog {unknown}
 r - 3 scrolls of immolation
 s - 2 scrolls of enchant armour
 v - 4 scrolls of enchant weapon
 x - a scroll of teleportation
 C - a scroll of holy word
 G - 2 scrolls of brand weapon
 K - 3 scrolls of blinking
 O - 2 scrolls of magic mapping {unknown}
 P - a scroll of noise {unknown}
 T - 2 scrolls of identify
Potions
 b - a potion of magic
 d - 4 potions of lignification
 f - 2 potions of attraction
 i - a potion of ambrosia
 l - 3 potions of might
 m - a potion of brilliance
 q - a potion of cancellation
 t - a potion of haste
 u - 3 potions of curing
 w - 3 potions of heal wounds
 z - 2 potions of berserk rage
 A - a potion of mutation
 J - a potion of invisibility


   Skills:
 + Level 8.2 Fighting
 + Level 8.3 Dodging
 * Level 13.6 Unarmed Combat
 - Level 1.2 Spellcasting
 + Level 7.6 Transmutations


You had 10 spell levels left.
You knew the following spells:

 Your Spells              Type           Power        Failure   Level
a - Beastly Appendage     Tmut           ###...       1%          1
b - Wereblood             Tmut           ###.....     1%          2

Your spell library contained the following spells:

 Spells                   Type           Power        Failure   Level
 Spider Form              Tmut/Pois      #.........   19%         3
 Freeze                   Ice            #...         30%         1
 Shock                    Conj/Air       #...         30%         1
 Blade Hands              Tmut           ###.......   34%         5
 Swiftness                Air            #.......     41%         2
 Ice Form                 Ice/Tmut       #.......     52%         4
 Frozen Ramparts          Ice            #.....       65%         3
 Ozocubu's Armour         Ice            #.......     65%         3
 Static Discharge         Conj/Air       #.......     65%         3
 Airstrike                Air            #.........   96%         4
 Hailstorm                Conj/Ice       #.......     96%         4
 Summon Ice Beast         Ice/Summ       #.......     96%         4
 Bolt of Magma            Conj/Fire/Erth #.........   100%        5
 Iskenderun's Battlesphe  Conj           #.......     100%        5
 Lightning Bolt           Conj/Air       #.........   100%        5
 Iron Shot                Conj/Erth      #.........   100%        6
 Orb of Destruction       Conj           #.........   100%        7
 Spellforged Servitor     Conj/Summ      #.........   100%        7


Dungeon Overview and Level Annotations

Branches:
Dungeon (13/15)            Temple (1/1) D:6            Lair (0/6) D:10
    Orc (1/2) D:12
 Vaults: D:13-14

Altars:
Ashenzari
Cheibriados
Dithmenos
Elyvilon
Fedhas
Gozag
Hepliaklqana
Kikubaaqudgha
Makhleb
Nemelex Xobeh
Okawaru
Qazlal
Ru
Sif Muna
Trog
Uskayaw
Vehumet
Wu Jian
Xom
Yredelemnul
Zin
The Shining One
Beogh

Shops:
D:4 !   D:7 [!   D:10 [   D:11 =

Annotations:
Orc:1 Killmatronix's ghost, journeyman SpBe


Innate Abilities, Weirdness & Mutations

You are too large for most types of armour.
You have claws for hands.
Your natural rate of healing is unusually fast.
You are covered in fur. (AC +1)
You have extremely tough skin. (AC +3)
You have large cloven feet.
You have a pair of horns on your head.


Message History

The orc warrior completely misses you.
You closely miss Killmatronix's ghost. Your kick misses Killmatronix's ghost.
Killmatronix's ghost is heavily damaged.
You completely miss Killmatronix's ghost.
Your kick misses Killmatronix's ghost.
Your headbutt misses Killmatronix's ghost.
Killmatronix's ghost is heavily damaged.
Killmatronix's ghost hits you!!
* * * LOW HITPOINT WARNING * * *
x2 You completely miss Killmatronix's ghost.
Killmatronix's ghost is heavily damaged.
The orc warrior completely misses you.
You feel a strong urge to attack something.
You feel your anger nearly subside.
You are no longer berserk.
You are exhausted.
You feel yourself slow down.
As you read the scroll of teleportation, it crumbles to dust.
You feel strangely unstable. Killmatronix's ghost hits you!!
You die...

.....###......#######
.............##...#.##
.#........#..##.?o'..##
.#.#......#...#(..#...# #
.###......##..######.##.##
##.#.....####.###........#
.........## ####..o..#...#
....>.....### #..W..........
.....##.#...####@......#..$.
...#.####....#.#......###.#.
......###.....##..##...# ##
#.)..##.....###...###.##
#..[..#.....###...# ##
###........###....#####
###.)...>.####......#<##
.##))......##.....).)).#
..#..)......#.........## #


You could see an orc warrior and Killmatronix's ghost.

Vanquished Creatures
  Rupert (D:12)
  An ettin (D:12)
  Harold (D:8)
  3 two-headed ogres
  A tengu warrior (D:13)
  Sonja (D:11)
  An unseen horror (D:11)
  An orc knight (Orc:1)
  An orc sorcerer (Orc:1)
  2 ugly things (D:12)
  A manticore (D:13)
  A cyclops (D:13)
  A gargoyle (D:13)
  Psyche (D:11)
  A komodo dragon (D:10)
  2 trolls
  3 slime creatures (D:13)
  A meliai zombie (D:11)
  A shadow (D:13)
  8 yaks
  6 wraiths
  A basilisk (D:12)
  A wyvern (D:9)
  Menkaure (D:7)
  An acid dragon (D:13)
  A soldier ant (D:12)
  3 water moccasins
  A black bear (D:8)
  3 ice beasts
  4 sky beasts
  14 orc warriors
  A phantom (D:4)
  2 necrophages (D:7)
  8 ogres
  7 centaurs
  2 big kobolds
  15 bullfrogs
  An elf zombie (D:7)
  2 gnoll sergeants
  A wyvern zombie (D:12)
  2 wyvern skeletons
  6 scorpions
  2 wights (D:7)
  4 killer bees (D:8)
  4 howler monkeys
  2 centaur zombies
  2 human zombies (D:7)
  A quasit (D:10)
  A bullfrog zombie (D:8)
  5 hounds
  Crazy Yiuf (D:7)
  A jelly (D:12)
  4 centaur skeletons
  4 bullfrog skeletons
  10 orc priests
  An iguana (D:7)
  12 orc wizards
  13 worker ants
  A statue (D:7)
  2 killer bee zombies
  A hound zombie (D:9)
  2 mummies (D:7)
  3 worker ant zombies
  19 gnolls
  6 adders
  A shadow imp (D:7)
  3 white imps
  2 adder skeletons
  2 worms
  3 dart slugs
  10 leopard geckos
  77 orcs
  A ball python (D:3)
  8 bats
  7 giant cockroaches
  2 goblins
  7 hobgoblins (D:1)
  6 jackals
  3 quokkas
  4 frilled lizards (D:1)
  A jackal skeleton (D:6)
  19 kobolds
  2 leopard gecko skeletons
  An orc skeleton (D:7)
  A quokka zombie (D:5)
  8 rats
385 creatures vanquished.

Vanquished Creatures (collateral kills)
  An orc warrior (D:12)
1 creature vanquished.

Vanquished Creatures (others)
  An orc knight (D:12)
  An orc warrior (D:12)
  23 plants (D:10)
25 creatures vanquished.

Grand Total: 411 creatures vanquished

Notes
Turn   | Place    | Note
-------+----------+-------------------------------------------
     0 | D:1      | Lanoc the Troll Transmuter began the quest for the Orb.
     0 | D:1      | Reached XP level 1. HP: 18/18 MP: 1/1
   123 | D:1      | Reached skill level 1 in Fighting
   140 | D:1      | Reached XP level 2. HP: 25/27 MP: 0/2
   621 | D:1      | Reached XP level 3. HP: 33/33 MP: 1/3
  1617 | D:3      | Reached XP level 4. HP: 34/41 MP: 4/4
  1680 | D:3      | Reached skill level 4 in Unarmed Combat
  1789 | D:3      | Learned a level 2 spell: Wereblood
  1974 | D:3      | Reached XP level 5. HP: 49/49 MP: 3/5
  2337 | D:4      | Noticed a phantom
  2351 | D:4      | Killed a phantom
  2489 | D:4      | Found Unek's Distillery.
  2502 | D:4      | Bought a potion of haste for 120 gold pieces
  2502 | D:4      | Bought a potion of curing for 36 gold pieces
  2591 | D:4      | Found a stormy altar of Qazlal.
  2592 | D:4      | Noticed a water elemental
  2618 | D:4      | Reached XP level 6. HP: 26/57 MP: 2/6
  2739 | D:4      | Noticed a fire elemental
  2742 | D:4      | Noticed an air elemental
  2816 | D:5      | Entered Level 5 of the Dungeon
  2826 | D:5      | Reached skill level 5 in Unarmed Combat
  2863 | D:5      | Noticed a sky beast
  2923 | D:5      | Killed a sky beast
  2923 | D:5      | Reached XP level 7. HP: 44/66 MP: 4/7
  3429 | D:6      | Upgraded the game from 0.26-a0-712-ga5a9c9c9d0 to
                  | 0.26-a0-812-g31a745ddcd
  3453 | D:6      | Found a staircase to the Ecumenical Temple.
  3465 | D:6      | Reached skill level 6 in Unarmed Combat
  3504 | Temple   | Entered the Ecumenical Temple
  3569 | Temple   | Became a worshipper of the Wu Jian Council
  3695 | D:6      | Reached XP level 8. HP: 68/75 MP: 4/8
  3832 | D:6      | Reached skill level 7 in Unarmed Combat
  3896 | D:6      | Reached * piety under Wu Jian
  4040 | D:6      | Found a hide-covered altar of Uskayaw.
  4312 | D:7      | Noticed Menkaure
  4321 | D:7      | Killed Menkaure
  4475 | D:7      | Reached skill level 8 in Unarmed Combat
  4477 | D:7      | Reached XP level 9. HP: 72/85 MP: 5/9
  4566 | D:7      | Found Jimnus's Antique Armour Shoppe.
  4918 | D:7      | Found a runed translucent door.
  4919 | D:7      | Noticed Crazy Yiuf
  5076 | D:7      | Found an ancient bone altar of Kikubaaqudgha.
  5207 | D:7      | Reached ** piety under Wu Jian
  5405 | D:7      | Reached skill level 5 in Dodging
  5592 | D:7      | Found a basalt altar of Yredelemnul.
  5597 | D:7      | Reached skill level 5 in Fighting
  5597 | D:7      | Reached skill level 9 in Unarmed Combat
  5746 | D:7      | Found Jiekhlaing's Distillery.
  5749 | D:7      | Bought a potion of heal wounds for 55 gold pieces
  5749 | D:7      | Bought a potion of mutation for 88 gold pieces
  5749 | D:7      | Gained mutation: You have large cloven feet. [potion of
                  | mutation]
  5779 | D:7      | Found a radiant altar of Vehumet.
  6100 | D:7      | Killed Crazy Yiuf
  6228 | D:8      | Noticed Harold
  6310 | D:8      | Killed Harold
  6310 | D:8      | Reached skill level 5 in Transmutations
  6310 | D:8      | Reached XP level 10. HP: 71/94 MP: 6/10
  6559 | D:8      | Reached skill level 10 in Unarmed Combat
  6568 | D:8      | Reached *** piety under Wu Jian
  7552 | D:9      | Found a basalt altar of Yredelemnul.
  7552 | D:9      | Found a shadowy altar of Dithmenos.
  7557 | D:9      | Found a broken altar of Ashenzari.
  7585 | D:9      | Found a sacrificial altar of Ru.
  7586 | D:9      | Found a shimmering altar of Xom.
  7960 | D:9      | Reached **** piety under Wu Jian
  8285 | D:10     | Entered Level 10 of the Dungeon
  8303 | D:10     | Found a staircase to the Lair.
  8651 | D:10     | Reached skill level 11 in Unarmed Combat
  8972 | D:10     | Found Goqal's Antique Armour Shoppe.
  8991 | D:10     | Reached XP level 11. HP: 94/106 MP: 8/11
  9257 | D:11     | Noticed Psyche
  9263 | D:11     | Killed Psyche
  9294 | D:11     | Noticed a two-headed ogre
  9295 | D:11     | Noticed a two-headed ogre
  9377 | D:11     | Found Derorufau's Jewellery Shop.
  9405 | D:11     | Killed an unseen horror
  9444 | D:11     | Killed a two-headed ogre
  9535 | D:11     | Killed a two-headed ogre
  9795 | D:11     | Noticed Sonja
  9801 | D:11     | Killed Sonja
 10012 | D:12     | Noticed a purple ugly thing
 10022 | D:12     | Killed a purple ugly thing
 10096 | D:12     | Found a staircase to the Orcish Mines.
 10124 | D:12     | Reached ***** piety under Wu Jian
 10201 | D:12     | Reached skill level 12 in Unarmed Combat
 10330 | D:12     | Noticed Rupert
 10671 | D:12     | Found a roughly hewn altar of Beogh.
 10671 | D:12     | Noticed an orc knight
 11000 | D:12     | Killed Rupert
 11000 | D:12     | Reached XP level 12. HP: 64/118 MP: 8/12
 11202 | D:12     | HP: 3/118 [red ugly thing (15)]
 11579 | D:13     | Noticed a death knight
 11707 | D:13     | Noticed a tengu warrior
 11710 | D:13     | Noticed a two-headed ogre
 11815 | D:13     | Killed a tengu warrior
 11815 | D:13     | Reached skill level 13 in Unarmed Combat
 11819 | D:13     | Found a shadowy altar of Dithmenos.
 11827 | D:13     | Killed a two-headed ogre
 11918 | D:13     | Noticed a seven-headed hydra
 11954 | D:13     | Noticed a boulder beetle
 11959 | D:13     | Noticed a centaur warrior
 11960 | D:13     | Noticed a seven-headed hydra
 12057 | Orc:1    | Entered Level 1 of the Orcish Mines
 12078 | Orc:1    | Noticed an ettin
 12197 | D:12     | Killed an ettin
 12451 | Orc:1    | Reached ****** piety under Wu Jian
 12610 | Orc:1    | Found a runed translucent door.
 12610 | Orc:1    | Noticed Killmatronix's ghost (journeyman SpBe)
 12642 | Orc:1    | Mangled by Killmatronix's ghost

Illustrated notes

Levels and vault maps discovered:
D:1:      psy_arrival_radial02, layout_basic, st_stairs_11
D:2:      layout_basic, feat_on_display
D:3:      layout_loops_ring
D:4:      layout_basic, nicolae_qazlal_style_of_elements, serial_shops, shop
D:5:      layout_cave_pools
D:6:      layout_basic, kennysheep_mini, temple_fountains,
          chequers_serial_rivers_room_a
D:7:      layout_loops_corners, vehumet_statue, marbit_many_paths, serial_shops,
          nicolae_shop_stone, nicolae_shop_statue_plus,
          small_statue_intersection, lemuel_mausoleum_altar_yredelemnul,
          uniq_menkaure, uniq_crazy_yiuf_cottage
D:8:      layout_loops_ring, uniq_harold
D:9:      layout_basic, chequers_temple_overflow_minitemple
D:10:     layout_roguey, david_lair_shrubbed, serial_shops,
          nicolae_shop_temple_entry_statues_fountains
D:11:     layout_basic, serial_shops, nicolae_shop_waterfront,
          chequers_serial_rivers_large_b, uniq_psyche, uniq_sonja
D:12:     layout_roguey [special_room_orc], orc_0_dummy, uniq_rupert
D:13:     layout_gridville, skrybe_vaults_entry_preservation, serial_shops,
          shop, nicolae_dithmenos_shadow_blocks
Temple:   cyrus_circular_temple
Orc:1:    layout_diamond_mine, ebering_ghost_inner_flame

Skill      XL: |  1  2  3  4  5  6  7  8  9 10 11 12 |
---------------+-------------------------------------+-----
Fighting       | 1 2 3 4 5 6 7 8 |  8.2
Dodging        | 2 3 4 5 6 7 8 |  8.3
Unarmed Combat | 4 5 6 8 9 11 12 13 | 13.6
Transmutations | 2 3 4 5 7 |  7.6
Spellcasting   | |  1.2

Action                   |  1- 3 |  4- 6 |  7- 9 | 10-12 || total
-------------------------+-------+-------+-------+-------++-------
Melee: Unarmed           |   130 |    90 |   262 |   610 ||  1092
       Headbutt          |     4 |    10 |    26 |    75 ||   115
       Punch             |     1 |       |     6 |    32 ||    39
       Kick              |     2 |    16 |    54 |   150 ||   222
Throw: Dart              |       |       |       |    14 ||    14
 Cast: Beastly Appendage |    13 |    12 |    43 |    78 ||   146
       Wereblood         |       |     4 |    26 |    67 ||    97
Invok: Lunge             |       |       |    18 |    45 ||    63
       Whirlwind         |       |       |       |    40 ||    40
Evoke: Wand              |       |       |       |     4 ||     4
  Use: Potion            |       |       |     1 |     5 ||     6
       Scroll            |       |       |       |    27 ||    27
 Stab: Sleeping          |       |     1 |       |       ||     1
       Paralysed         |       |       |       |     2 ||     2
       Fleeing           |       |       |       |     2 ||     2
Armor: Robe              |    57 |    33 |    54 |    91 ||   235
Dodge: Dodged            |    56 |    35 |   112 |   324 ||   527

Table legend: (Time is in decaauts)
 A = Elapsed time spent in this place.
 B = Non-inter-level travel time spent in this place.
 C = Inter-level travel time spent in this place.
 D = Time resting spent in this place.
 E = Time spent auto-exploring this place.
 F = Levels seen in this place.
 G = Mean time per level.
                   A        B        C        D        E       F      G
               +--------+--------+--------+--------+--------+-----+--------+
         Total |  12530 |  12084 |    446 |    479 |   9290 |  15 |  835.3 |
       Dungeon |  12041 |  11595 |    446 |    479 |   8949 |  13 |  926.2 |
        Temple |     72 |     72 |      0 |      0 |     50 |   1 |   72.0 |
  Orcish Mines |    416 |    416 |      0 |      0 |    291 |   1 |  416.0 |
               +--------+--------+--------+--------+--------+-----+--------+

Top non-repeatable levels by time:
     D:7: 2004 daAuts
    D:12: 1806 daAuts
     D:9: 1017 daAuts
     D:8: 994 daAuts
    D:10: 980 daAuts
     D:1: 840 daAuts
    D:11: 748 daAuts
     D:6: 715 daAuts
     D:3: 692 daAuts
     D:4: 691 daAuts
     D:2: 625 daAuts
     D:5: 566 daAuts
   Orc:1: 416 daAuts
    D:13: 359 daAuts
  Temple: 72 daAuts
